Map: Blackpink LE

Players

Juxtapose

  • Race: Zerg Zerg
  • League: Platinum
  • Spawn Location: 1:00

Compound - Winner!

  • Race: Terran Terran
  • League: Platinum
  • Spawn Location: 7:00

VOD

https://youtu.be/UePF74Tearc

Description

When I scouted the lack of an expansion I suspected early aggression, but I didn't expect Cyclones since that's very uncommon versus Zerg.

Zerglings and Banelings would have worked wonders here, but sadly I was just starting to get Roaches.

Time

  • Played on: Jan. 10, 2018, 7 p.m.
  • Length: 5:34
Show
View Real Time Build Order
Export as new Build Order

Juxtapose Zerg 

Build Orders: Hatch First 

Get SALT Encoding   

  12  0:01  Drone  
  13  0:08  Drone  
  14  0:17  Overlord  
  14  0:35  Drone x2  
  16  0:51  Hatchery  
  16  0:54  Drone  
  16  1:02  Extractor  
  16  1:03  Drone  
  16  1:15  Spawning Pool  
  16  1:18  Drone  
  16  1:31  Drone x3  
  19  1:42  Overlord  
  19  1:53  Drone  
  20  2:01  Queen  
  20  2:05  Queen  
  24  2:10  Zergling x2  
  24  2:13  Zergling x2  
  26  2:25  Drone  
  26  2:26  Drone  
  26  2:27  Zergling x2  
  29  2:30  Drone  
  29  2:35  Extractor  
  29  2:48  Drone x3  
  29  2:49  Drone  
  33  3:06  Roach Warren  
  33  3:09  Drone x2  
  34  3:15  Drone x2  
  34  3:17  Overlord  
  36  3:24  Overlord  
  36  3:34  Lair  
  36  3:40  Evolution Chamber  
  35  3:41  Spore Crawler  
  35  3:45  Spore Crawler  
  33  3:49  Drone x4  
  33  3:52  Drone  
  38  3:57  Roach  
  40  4:05  Roach  
  40  4:09  Drone x3  
  45  4:10  Drone  
  45  4:19  Roach x2  
  45  4:20  Roach  
  41  4:31  Roach  
  41  4:32  Roach  
  41  4:33  Zergling x2  
  46  4:44  Roach x2  
  43  5:05  Roach x2  
Show
View Real Time Build Order
Export as new Build Order

Compound Terran - Winner!

Build Orders: Cyclone Opening 

Get SALT Encoding   

  12  0:00  SCV  
  13  0:13  SCV  
  14  0:18  Supply Depot  
  14  0:25  SCV  
  15  0:31  Refinery  
  15  0:40  SCV  
  16  0:49  Barracks  
  16  1:00  SCV  
  16  1:03  Refinery  
  17  1:12  SCV  
  18  1:20  Supply Depot  
  18  1:24  SCV  
  19  1:36  SCV  
  20  1:40  Factory  
  20  1:45  Barracks Reactor  
  20  1:50  SCV  
  21  2:02  SCV  
  21  2:05  Supply Depot  
  22  2:14  SCV  
  23  2:30  Marine  
  23  2:33  Cyclone  
  23  2:34  Cyclone  
  30  2:40  Supply Depot  
  30  3:05  Cyclone  
  30  3:06  Cyclone  
  30  3:11  Supply Depot  
  36  3:31  Marine  
  37  3:38  Cyclone x2  
  43  3:42  Supply Depot  
  43  3:49  Marine  
  43  3:53  Orbital Command  
  44  4:06  Marine  
  45  4:21  Cyclone x2  
  50  4:24  Marine  
  51  4:42  Marine  
  51  4:43  Supply Depot  
  52  4:53  Cyclone  
  55  5:00  Marine  
Tags
 
Add a new tag
Caveats
  • Supply blocks, unpowered buildings, or Contaminate may cause inaccurate times.
  • Supply counts are checked every 10 seconds.